 Seeded DCSS version 0.30.1-9-gdf580d7c3d (webtiles) character file.

Game seed: 920673320228942481 (custom seed)

4 Psyclone the Conjurer (level 1, 11/11 HPs)
             Began as an Octopode Conjurer on Oct 10, 2023.
             Quit the game on level 1 of the Dungeon.
             The game lasted 00:01:49 (234 turns).

Psyclone the Conjurer (Octopode Conjurer)            Turns: 234, Time: 00:01:49

Health: 11/11      AC:  1    Str:  6    XL:     1   Next: 60%
Magic:  3/3        EV: 13    Int: 20    God:
Gold:   1341       SH:  0    Dex: 10    Spells: 3/4 levels left

rFire   . . .        (no weapon)
rCold   . . .        (no shield)
rNeg    . . .        (helmet restricted)
rPois   .            (no amulet)
rElec   .            (no ring)
rCorr   .            (no ring)
SInv    .            (no ring)
Will    .....        (no ring)
Stlth   +++          (no ring)
HPRegen 0.21/turn    (no ring)
MPRegen 0.08/turn    (no ring)
                     (no ring)

%: no passive effects
@: no status effects
A: almost no armour, amphibious, 8 rings, camouflage 1, gelatinous body 1,
(nimble swimmer 1), tentacles
a: no special abilities


You were on level 1 of the Dungeon.
You visited 1 branch of the dungeon, and saw 1 of its levels.

You collected 1341 gold pieces.

Inventory:

Hand Weapons
 d - a +3 eveningstar of draining
Jewellery
 c - the ring of Obbeasuz {rF+ Str+6}
   (You acquired it on level 1 of the Dungeon)

   [ring of strength]

   Str:       It affects your strength (+6).
   rF:        It protects you from fire.
Potions
 a - a potion of magic
 b - a potion of mutation {unknown}


   Skills:
 - Level 2.1 Dodging
 - Level 2.8 Stealth
 + Level 2.0 Spellcasting
 - Level 4.0 Conjurations


You had 3 spell levels left.
You knew the following spells:

 Your Spells              Type           Power      Damage    Failure   Level
a - Magic Dart            Conj           72%        1d6       3%          1

Your spell library contained the following spells:

 Spells                   Type           Power      Damage    Failure   Level
 Searing Ray              Conj           36%        2d5       4%          2
 Dazzling Flash           Conj/Hex       20%        N/A       21%         3
 Fulminant Prism          Conj/Hex       5%         3d6       56%         4
 Iskenderun's Mystic Bla  Conj/Tloc      10%        2d4       56%         4


Dungeon Overview and Level Annotations

Branches:
Dungeon (1/15) Zot: 5766

Altars:


Innate Abilities, Weirdness & Mutations

You cannot wear most types of armour.
You are amphibious.
You can wear up to eight rings at the same time.
Your skin changes colour to match your surroundings (Stealth+).
Your rubbery body absorbs attacks. (AC +1, EV +1)
((You are camouflaged when in or above water. (Stealth+)))
You have tentacles for arms and can constrict up to eight enemies at once.


Message History

Aim: a ball python (asleep, 100% to hit)
The magic dart hits the ball python.
The ball python is severely wounded.
The ball python hisses angrily.
You now have 2/3 mp.
Casting: Magic Dart (safe; 3% risk of failure)
Confirm with . or Enter, or press ? or * to list all spells.
Aiming: Magic Dart (safe; 3% risk of failure)
Press: ? - help, Shift-Dir - straight line, f/p - ball python
Aim: a ball python (moderately wounded, 100% to hit)
The magic dart hits the ball python.
You kill the ball python!
You now have 1/3 mp.
There is a stone staircase leading down here.
Found a scale mail.
You see here a +0 scale mail.
MP restored: 3
Found 11 gold pieces.
You now have 47 gold pieces (gained 11).
This is a scroll of acquirement!
Something appears before you! Something appears before you!
Something appears before you!
c - the ring of Obbeasuz {rF+ Str+6} You now have 1341 gold pieces (gained 1294).
You see here a +3 eveningstar of draining.
d - a +3 eveningstar of draining You see here a +0 scale mail.
Casting: Magic Dart (safe; 3% risk of failure)
Confirm with . or Enter, or press ? or * to list all spells.
You can't see any susceptible monsters within range! (Use Z to cast anyway.) Unknown command.
Casting: Magic Dart (safe; 3% risk of failure)
Confirm with . or Enter, or press ? or * to list all spells.
You can't see any susceptible monsters within range! (Use Z to cast anyway.)
Casting: Magic Dart (safe; 3% risk of failure)
Confirm with . or Enter, or press ? or * to list all spells.
You can't see any susceptible monsters within range! (Use Z to cast anyway.) Unknown command.
Unknown command.
Are you sure you want to abandon this character and quit the game? (Confirm with "yes".)

.## #... .####... ###
........ #.. ..###.## #.#
#...#.# #.# #.#.#.#####.
#.# ..#.........) #.#
...#.######.# #.# .#....##
#@# #####..##
#.####.######### ######..#
#.......[......#
.......>########.#######.#
.................# #.#
################## #.# #.#
#.# # #.#


There were no monsters in sight!

Vanquished Creatures
  A dart slug (D:1)
  A ball python (D:1)
  A rat (D:1)
3 creatures vanquished.

Notes
Turn   | Place    | Note
-------+----------+-------------------------------------------
     0 | D:1      | Psyclone the Octopode Conjurer began the quest for the Orb.
     0 | D:1      | Reached XP level 1. HP: 11/11 MP: 3/3
   207 | D:1      | Identified 3 scrolls of acquirement
   207 | D:1      | Acquired 1294 gold pieces
   208 | D:1      | Acquired the ring of Obbeasuz {rF+ Str+6}
   209 | D:1      | Acquired a +3 eveningstar of draining
   234 | D:1      | Quit the game

Illustrated notes

Levels and vault maps discovered:
D:1:      dpeg_arrival_orchard, layout_basic

Action                     || total
---------------------------++-------
   Cast: Magic Dart        ||     6
    Use: Scroll            ||     3
